 Dungeon Crawl Stone Soup version 0.20.1-1-g8b1a95d (webtiles) character file.

54 slep the Vandal (level 4, 0/28 HPs)
             Began as a Halfling Arcane Marksman on Oct 31, 2017.
             Slain by a goblin
             ... wielding a +0 club
             ... led by Robin
              (1 damage)
             ... on level 2 of the Dungeon.
             The game lasted 00:05:53 (1055 turns).

slep the Vandal (Halfling Arcane Marksman)          Turns: 1055, Time: 00:05:56

Health: 0/28       AC:  3    Str: 11    XL:     4   Next: 12%
Magic:  5/5        EV: 15    Int: 11    God:
Gold:   17         SH:  0    Dex: 15    Spells: 4/5 levels left

rFire    . . .     SeeInvis .   a - +0 hunting sling
rCold    . . .     Gourm    .   (shield restricted)
rNeg     . . .     Faith    .   e - +0 robe
rPois    .         Spirit   .   (no helmet)
rElec    .         Reflect  .   p - +0 cloak
rCorr    .         Harm     .   (no gloves)
MR       .....                  (no boots)
Stlth    +.........             (no amulet)
Regen    0.1/turn               (no ring)
MPRegen  0.1/turn               (no ring)

@: lethally poisoned (0 -> -3), berserk cooldown, slowed, very slow
A: mutation resistance 1
a: no special abilities


You were on level 2 of the Dungeon.
You were not hungry.

You visited 1 branch of the dungeon, and saw 2 of its levels.

You collected 17 gold pieces.

Inventory:

Hand Weapons
 a - a +0 hunting sling (weapon)
Missiles
 d - a sling bullet (quivered)
 g - 25 stones
 q - 3 javelins
Armour
 e - a +0 robe (worn)
 p - a +0 cloak (worn)
Jewellery
 l - an uncursed ring of fire
Scrolls
 b - 2 scrolls of remove curse {unknown}
 h - a scroll of immolation {unknown}
 j - a scroll of fear {unknown}
 m - a scroll of enchant weapon {unknown}
Potions
 i - a potion of invisibility {unknown}
 n - a potion of curing {unknown}
 r - a potion of ambrosia {unknown}
 s - a potion of flight {unknown}
Books
 c - a book of Debilitation

   Spells                             Type                      Level
   a - Corona                         Hexes                        1
   b - Slow                           Hexes                        2
   c - Inner Flame                    Hexes/Fire                   3
   d - Portal Projectile              Hexes/Translocation          3
   e - Cause Fear                     Hexes                        4
   f - Leda's Liquefaction            Hexes/Earth                  4
Comestibles
 f - a bread ration


   Skills:
 + Level 1.0 Fighting
 + Level 4.6 Slings
 + Level 2.3 Dodging
 + Level 1.0 Spellcasting
 + Level 3.0 Hexes


You had 4 spell levels left.
You knew the following spells:

 Your Spells              Type           Power        Failure   Level  Hunger
a - Corona                Hex            #......      9%          1    ##.....


Dungeon Overview and Level Annotations

Branches:
Dungeon (2/15)

Altars:

Annotations:
D:2 Robin


Innate Abilities, Weirdness & Mutations

You are small and have problems with some larger weapons.
You are somewhat resistant to further mutation.


Message History

Robin throws the goblin at you!
Firing (i - inventory. (,) - cycle):
d - 3 sling bullets (quivered)
Press: ? - help, Shift-Dir - straight line, f/p - Robin
Aim: Robin, wielding a club, wearing an animal skin and wearing a helmet (heavily wounded)
You shoot a sling bullet. The sling bullet hits the hobgoblin!
You kill the hobgoblin!
The goblin misses you. Robin throws the goblin at you!
* * * LOW HITPOINT WARNING * * *
The goblin closely misses you.
Firing (i - inventory. (,) - cycle):
d - 2 sling bullets (quivered)
Press: ? - help, Shift-Dir - straight line, f/p - Robin
Aim: Robin, wielding a club, wearing an animal skin and wearing a helmet (heavily wounded)
You shoot a sling bullet.
The sling bullet barely misses the goblin.
The sling bullet hits the hobgoblin!
You kill the hobgoblin!
You feel sick. The goblin hits you with a club.
* * * LOW HITPOINT WARNING * * *
The goblin barely misses you. The goblin hits you with a club.
You die...

#.....g..####.#.##. ###
#..(...#...........
##.#######.#.####.####......
#...........................
##.######..#.#.##.####.##.##
#.# #..#g#...<...#.# .# #.#
#..#g#.##.##.#.##.### #.#
#..#g#..............# #.#
#..#@#..#.##...†#.###
##.######..#g#..#.#####.#
#.................# #.#
#......#.#......### #.#
######.#.#.###..# #.#
#...###....# #.#
###........# #+# #.###....#
#.# #.....


You could see Robin and 3 goblins.

Vanquished Creatures
  2 gnolls (D:1)
  An ooze (D:1)
  A giant cockroach (D:1)
  5 goblins
  7 hobgoblins
  7 kobolds
  2 quokkas (D:2)
  A frilled lizard (D:2)
  A rat (D:1)
27 creatures vanquished.

Notes
Turn   | Place    | Note
-------+----------+-------------------------------------------
     0 | D:1      | slep the Halfling Arcane Marksman began the quest for the Orb.
     0 | D:1      | Reached XP level 1. HP: 12/12 MP: 2/2
    14 | D:1      | Reached XP level 2. HP: 18/18 MP: 3/3
   253 | D:1      | Reached skill level 1 in Fighting
   253 | D:1      | Reached XP level 3. HP: 23/23 MP: 4/4
   557 | D:1      | Reached skill level 4 in Slings
  1023 | D:2      | Noticed Robin
  1050 | D:2      | Reached XP level 4. HP: 14/28 MP: 5/5
  1055 | D:2      | HP: 1/28 [goblin/club[Robin] (6)]
  1055 | D:2      | Slain by a goblin

Skill      XL: |  1  2  3 |
---------------+----------+-----
Fighting       | 1 |  1.0
Hexes          | 3 |  3.0
Slings         | 4 |  4.6
Dodging        | |  2.3
Spellcasting   | |  1.0

Action                   |  1- 3 |  4- 6 || total
-------------------------+-------+-------++-------
 Fire: Hunting sling     |    66 |     5 ||    71
  Use: Potion            |     2 |       ||     2
Armor: Robe              |     4 |       ||     4
Dodge: Dodged            |    18 |     5 ||    23
